Description

This is Game 2 in Gold 2 of the ViBE Terran B2GM 2021 series.

VOD

https://youtu.be/VW9k9f2j-ks?t=3987

Replay - Gold 2 - TvZ - Game 2

Build Order

Get SALT Encoding   

  12  0:00  SCV  
  13  0:13  SCV  
  14  0:20  Supply Depot  
  14  0:25  SCV  
  15  0:42  SCV  
  16  0:44  Barracks  
  16  0:47  Refinery  
  16  0:54  SCV  
  17  1:08  SCV  
  18  1:20  SCV  
  19  1:33  Marine  
  19  1:37  Orbital Command  
  20  1:46  Command Center  
  20  1:53  Supply Depot  
  20  1:56  Marine  
  21  2:03  Factory  
  21  2:05  SCV  
  22  2:18  SCV  
  23  2:25  Barracks Reactor  
  23  2:30  SCV  
  25  2:45  Supply Depot  
  25  2:47  Factory Tech Lab  
  25  2:49  Barracks  
  25  2:57  Refinery  
  26  3:00  Orbital Command  
  26  3:05  Marine x2  
  28  3:09  Siege Tank  
  32  3:19  Supply Depot  
  33  3:31  Marine x2  
  37  3:37  Barracks Tech Lab  
  37  3:40  Starport  
  39  3:52  Supply Depot  
  40  3:55  Marine x3  
  44  4:05  Siege Tank  
  50  4:18  Marine  
  50  4:19  Starport Reactor  
  55  4:44  Siege Tank  
  65  5:01  Command Center  
  65  5:11  Refinery x2  
  65  5:12  Medivac x2  
  83  5:59  Stimpack  
  88  6:06  Barracks x4  
  90  6:13  Orbital Command  
  95  6:28  Orbital Command  
  88  6:46  Engineering Bay x2  
  86  6:55  Barracks Reactor x4  
  86  6:59  Medivac x2  
  91  7:13  Command Center  
  98  7:26  Terran Infantry Armor Level 1, Terran Infantry Weapons Level 1  
  114  7:41  Armory  
  114  7:43  Medivac x2  
  120  7:55  Refinery x2  
  143  8:35  Thor  
  143  8:36  Medivac x2  
  143  8:38  Terran Vehicle Weapons Level 1  
  167  9:07  Command Center  
  171  9:20  Thor  
  171  9:21  Medivac x2  
  186  9:29  Combat Shield  
  186  9:32  Terran Infantry Weapons Level 2, Terran Infantry Armor Level 2  
  187  9:50  Planetary Fortress  
  199  10:17  Missile Turret x4  
  196  10:22  Missile Turret x5  
  199  10:31  Missile Turret  
  199  11:03  Planetary Fortress  
  196  11:31  Factory, Barracks x3  
  195  11:33  Starport  
  195  11:39  Barracks  
Spawning Tool Build Advisor. Get it on Overwolf

Analysis

*

Go to:

Details

  • Created by: Maxgy   
  • Published on: Mar 30, 2021
  • Modified on: Apr 09, 2021
  • Patch: 4.11.0
  • Difficulty: Easy
Show
View Real Time Build Order
Export as new Build Order

Comments (0)

There are no comments. Be the first!

Create an account to comment!